[Event "Titled Tuesday Blitz May 23 Late 2023"]
[White "cryptoguru02"]
[Black "Rodriguez, Santiago"]
[BlackFideId "3000591"]
[WhiteElo "2561"]
[BlackElo "2249"]
[Result "1/2-1/2"]
[Round "11"]
[TimeControl "180+2"]
[Date "2023.05.23"]
[WhiteClock "0:00:31"]
[BlackClock "0:00:09"]

1. d4 Nf6 2. c4 e6 3. Nc3 Bb4 4. Qc2 O-O 5. Nf3 c5 6. dxc5 Nc6 7. a3 Bxc5 8. b4 Nd4 9. Nxd4 Bxd4 10. e3 Bb6 11. Bd3 d6 12. O-O Qe7 13. Bb2 Bd7 14. Rfd1 Rac8 15. Rac1 h6 16. h3 a6 17. Ne4 Nxe4 18. Bxe4 d5 19. Bd3 dxc4 20. Bxc4 Bb5 21. Qb3 Bxc4 22. Rxc4 Rxc4 23. Qxc4 Rd8 24. Rc1 Qd6 25. Qg4 e5 26. Rc8 g6 27. Rxd8+ Qxd8 28. Bxe5 Qd5 29. Qf4 Bd8 30. Bd4 Kh7 31. a4 b5 32. axb5 axb5 33. Qb8 g5 34. g3 Kg6 35. Qc8 h5 36. Qc2+ Qf5 37. Qxf5+ Kxf5 38. f3 Be7 39. Bc3 Ke6 40. e4 f5 41. exf5+ Kxf5 42. Kf2 Ke6 43. g4 hxg4 44. hxg4 Kd5 45. Ke3 Kc4 46. Be1 Bxb4 47. Bxb4 Kxb4 48. f4 gxf4+ 49. Kxf4 Kc3 50. g5 b4 51. g6 b3 52. g7 b2 53. g8=Q b1=Q 54. Qc8+ Kb2 55. Qb7+ Kc1 56. Qxb1+ Kxb1 1/2-1/2


[Site "https://www.chess.com"]

[Event "Titled Tuesday Blitz May 23 Late 2023"]
[White "reevecanada"]
[Black "Erzhanov, Arman"]
[BlackFideId "4138821"]
[WhiteElo "2449"]
[BlackElo "2138"]
[Result "0-1"]
[Round "11"]
[TimeControl "180+2"]
[Date "2023.05.23"]
[WhiteClock "0:00:19"]
[BlackClock "0:00:20"]

1. e4 d6 2. d4 Nf6 3. Bd3 e5 4. c3 d5 5. dxe5 Nxe4 6. Bxe4 dxe4 7. Qa4+ Bd7 8. Qxe4 Bc6 9. Qg4 h5 10. Qg3 h4 11. Qg4 Qd7 12. e6 Qxe6+ 13. Qxe6+ fxe6 14. f3 Nd7 15. Nh3 Bc5 16. Nd2 Ne5 17. Nb3 Bb6 18. Nd4 Bd7 19. Be3 Nc4 20. Bc1 O-O-O 21. b3 Ne5 22. Be3 Nf7 23. Nf2 e5 24. Nc2 Nd6 25. O-O-O Bf5 26. Bxb6 axb6 27. Ne3 Bg6 28. Rd5 e4 29. f4 Rdf8 30. Nh3 Rh5 31. Rhd1 Rxd5 32. Rxd5 Bf5 33. Ng5 Bd7 34. Re5 Rxf4 35. Nd1 Rf1 36. Nxe4 Bg4 37. Nf2 Bxd1 38. Nxd1 Rh1 39. h3 Rg1 40. Rg5 Ne4 41. Rxg7 Nxc3 42. Rg8+ Kd7 43. Rg7+ Ke6 44. Rxc7 Nxd1 45. Rxb7 Ne3+ 46. Kd2 Nd5 47. Rh7 Rxg2+ 48. Kc1 Rxa2 49. Rh6+ Ke5 50. Rh5+ Kd4 51. Rxh4+ Kc3 52. Kd1 Ne3+ 53. Ke1 Kd3 54. Rd4+ Kxd4 55. h4 Rh2 56. h5 Kd3 57. b4 Re2# 0-1


[Site "https://www.chess.com"]

[Event "Titled Tuesday Blitz May 23 Late 2023"]
[White "Hambleton, Aman"]
[Black "Mazurkiewicz, Michal"]
[WhiteFideId "2606577"]
[BlackFideId "1124943"]
[WhiteElo "2511"]
[BlackElo "2054"]
[Result "1-0"]
[Round "11"]
[TimeControl "180+2"]
[Date "2023.05.23"]
[WhiteClock "0:00:09"]
[BlackClock "0:00:04"]

1. d4 Nf6 2. Bf4 g6 3. Nc3 d5 4. e3 Bg7 5. h4 h6 6. Nf3 O-O 7. Ne5 Nbd7 8. Be2 Nxe5 9. Bxe5 c6 10. g4 Qb6 11. a3 a5 12. f4 a4 13. Rb1 Qa5 14. Kf2 Nxg4+ 15. Bxg4 f6 16. Bxc8 Raxc8 17. Kg2 fxe5 18. fxe5 Rf5 19. Rf1 Rcf8 20. Rxf5 Rxf5 21. Ne2 e6 22. Ng3 Rf7 23. c3 Qd8 24. Qg4 Qe8 25. h5 g5 26. Ne2 Rf5 27. Ng3 Rf7 28. Rf1 Bf8 29. e4 c5 30. exd5 exd5 31. Rxf7 Qxf7 32. Nf5 c4 33. Qf3 b5 34. Kh3 Qe6 35. Qg4 Kh7 36. Kg3 Qf7 37. Kg2 Qe6 38. Ne3 Qxg4+ 39. Nxg4 b4 40. axb4 Bxb4 41. cxb4 c3 42. bxc3 a3 43. Ne3 a2 44. Nc2 Kg7 45. Kf3 Kf7 46. Kg4 Ke6 47. b5 Kd7 48. Kf5 Kc7 49. e6 Kd6 50. b6 Kc6 51. e7 Kxb6 52. Na1 g4 53. Kxg4 Kc6 54. e8=Q+ Kb6 55. Qa4 Kc7 56. Qa6 1-0


[Site "https://www.chess.com"]

[Event "Titled Tuesday Blitz May 23 Late 2023"]
[White "Kim, Sergey"]
[Black "Bryakin, Mikhail"]
[WhiteFideId "13700570"]
[BlackFideId "4165314"]
[WhiteElo "2480"]
[BlackElo "2467"]
[Result "0-1"]
[Round "11"]
[TimeControl "180+2"]
[Date "2023.05.23"]
[WhiteClock "0:00:46"]
[BlackClock "0:00:54"]

1. d4 d5 2. c4 c6 3. Nf3 Nf6 4. Qc2 e6 5. Nbd2 Nbd7 6. g3 Be7 7. Bg2 O-O 8. O-O a6 9. e4 dxe4 10. Nxe4 Nxe4 11. Qxe4 c5 12. Rd1 cxd4 13. Nxd4 Qb6 14. Be3 Qxb2 15. Rab1 Qa3 16. Qg4 Nf6 17. Qf3 Qxa2 18. Rdc1 Qa5 19. c5 Qc7 20. c6 b5 21. Nb3 e5 22. Nc5 Bg4 0-1


[Site "https://www.chess.com"]

[Event "Titled Tuesday Blitz May 23 Late 2023"]
[White "Bilan, Danila"]
[Black "Chen, Ryo"]
[WhiteFideId "24161918"]
[BlackFideId "7003072"]
[WhiteElo "2182"]
[BlackElo "2169"]
[Result "0-1"]
[Round "11"]
[TimeControl "180+2"]
[Date "2023.05.23"]
[WhiteClock "0:00:00"]
[BlackClock "0:01:25"]

1. d4 Nf6 2. Nf3 g6 3. Bg5 Bg7 4. c3 O-O 5. Nbd2 d5 6. e3 c5 7. Bd3 Nc6 8. O-O Nd7 9. Re1 f6 10. Bh4 e5 11. e4 cxd4 12. exd5 dxc3 13. bxc3 Ne7 14. Qb3 Kh8 15. Rad1 Nc5 16. Qc2 Nxd3 17. Qxd3 Qxd5 18. Ne4 Qxd3 19. Rxd3 Nc6 20. Nd6 Bf5 21. Nxf5 gxf5 22. Rd7 Rfd8 23. Rxb7 e4 24. Nd4 Nxd4 25. cxd4 Rxd4 26. Bg3 Bh6 27. h4 f4 28. Bh2 Rad8 29. Rxa7 Rd1 30. Kf1 f3 31. gxf3 exf3 32. Re7 Rxe1+ 33. Rxe1 Rd2 34. a4 Ra2 35. Bg3 Rxa4 36. Kg1 Bd2 37. Rd1 Ra2 38. Kh2 Kg7 39. Rb1 Kg6 40. Rb3 f5 41. Rxf3 Ra4 42. Kh3 f4 43. Bh2 Kf5 44. Rd3 Be1 45. Rf3 h5 46. Kg2 Bd2 47. Kh3 Ra2 48. Rd3 Bc1 49. Rd5+ Ke4 0-1


[Site "https://www.chess.com"]

[Event "Titled Tuesday Blitz May 23 Late 2023"]
[White "Kielinkei"]
[Black "Weetik, Vjacheslav"]
[BlackFideId "4153472"]
[WhiteElo "2460"]
[BlackElo "2469"]
[Result "1-0"]
[Round "11"]
[TimeControl "180+2"]
[Date "2023.05.23"]
[WhiteClock "0:00:08"]
[BlackClock "0:00:13"]

1. e4 c6 2. d4 d5 3. Nc3 dxe4 4. Nxe4 Bf5 5. Qf3 e6 6. c3 Nd7 7. Ne2 Ngf6 8. N2g3 Bg6 9. Bd3 Be7 10. O-O O-O 11. Re1 c5 12. Nxf6+ Nxf6 13. Bxg6 hxg6 14. dxc5 Bxc5 15. Be3 Bxe3 16. Qxe3 Qc7 17. Rad1 Rfd8 18. Ne4 Qa5 19. Nxf6+ gxf6 20. a3 Kg7 21. Qe2 Qb6 22. b4 Rxd1 23. Rxd1 Rc8 24. Qd3 Qc6 25. Rc1 b5 26. h3 a6 27. Qd4 Rc7 28. Qd3 e5 29. Qe3 Rd7 30. Qe2 Rc7 31. Qd3 Qe6 32. Qc2 Qc4 33. Qb2 Rd7 34. Qc2 Rd3 35. Qb2 e4 36. Qc2 Qd5 37. c4 Qd4 38. cxb5 Rd2 39. Qc5 Qb2 40. bxa6 Qxa3 41. Qc4 e3 42. fxe3 Qb2 43. Qc6 Qxb4 44. a7 Ra2 45. a8=Q Rxa8 46. Qxa8 Qd2 47. Qa1 Qxe3+ 48. Kh1 Qb6 49. Rf1 Qe6 50. Qe1 Qd6 51. Qf2 Qe5 52. Qf4 Qe6 53. Qf3 Qe5 54. Qf4 Qe6 55. Qd2 Qe5 56. Re1 Qc5 57. Qe2 Qg5 58. Qe3 Qd5 59. Re2 Qd1+ 60. Re1 Qd6 61. Rc1 Qd5 62. Qc5 Qd2 63. Qc2 Qf4 64. Rb1 Qg3 65. Qb3 Qf2 66. Qb2 Qf4 67. Qe2 Qd4 68. Rd1 Qf4 69. Qd2 Qe4 70. Qd8 Qe2 71. Qd3 Qe5 72. Rc1 Qf4 73. Qc4 Qd2 74. Qc8 Qf4 75. Rd1 g5 76. Rb1 Qe4 77. Qc1 g4 78. hxg4 Qxg4 79. Qe1 Qh5+ 80. Kg1 Qc5+ 81. Qf2 Qg5 82. Rf1 Qe5 83. Qf3 Qd4+ 84. Kh1 Qh4+ 85. Qh3 Qd4 86. Qg3+ Kf8 87. Qb8+ Kg7 88. Qf4 Qc3 89. Qg4+ Kf8 90. Qf3 Qc5 91. Qxf6 Qh5+ 92. Kg1 Kg8 93. Qf3 Qc5+ 94. Qf2 Qc4 95. Qg3+ Kf8 96. Qb8+ Kg7 97. Qb2+ Kg8 98. Qf6 Qc5+ 99. Kh1 Qh5+ 100. Kg1 Qc5+ 101. Qf2 Qg5 102. Re1 Kg7 103. Qe3 Qg6 104. Qe5+ Kg8 105. Qb8+ Kg7 106. Qb2+ Kg8 107. Rc1 Qb6+ 108. Qxb6 1-0


[Site "https://www.chess.com"]

[Event "Titled Tuesday Blitz May 23 Late 2023"]
[White "Annaberdiyev, Meylis"]
[Black "Kaplan, Avi Harrison"]
[WhiteFideId "14000563"]
[BlackFideId "30934559"]
[WhiteElo "2416"]
[BlackElo "1983"]
[Result "1/2-1/2"]
[Round "11"]
[TimeControl "180+2"]
[Date "2023.05.23"]
[WhiteClock "0:00:25"]
[BlackClock "0:00:04"]

1. e4 c5 2. Nf3 g6 3. c3 Nc6 4. d4 cxd4 5. cxd4 d6 6. d5 Nb8 7. h3 Bg7 8. Nc3 Nf6 9. Be2 O-O 10. O-O a6 11. a4 Nbd7 12. Be3 Nc5 13. Nd2 e6 14. Bxc5 dxc5 15. Nc4 Nxe4 16. d6 Nxc3 17. bxc3 Bxc3 18. a5 Bd7 19. Ra3 Bg7 20. Qc2 Bc6 21. Rd1 Bd4 22. Bf3 Bd5 23. Nb6 Rb8 24. d7 Bxf3 25. Rxf3 Qe7 26. Qe4 Rfd8 27. Rxd4 cxd4 28. Qxd4 e5 29. Qd5 Qe6 30. Qxe6 fxe6 31. Rf6 Rf8 32. Rxe6 Rbd8 33. Rxe5 Rf5 34. Re8+ Rf8 35. Re7 Rf7 36. Re6 Kg7 37. g4 h6 38. Kg2 Rf6 39. Re7+ Rf7 40. Re5 Rfxd7 41. Nxd7 Rxd7 42. Rc5 Re7 43. Rd5 Rc7 44. Kg3 Kf7 45. f3 Kg7 46. h4 Kf7 47. h5 gxh5 48. Rxh5 Kg6 49. Rd5 Re7 50. Rd6+ Kg7 51. Rb6 Rc7 52. Kh4 Kh7 53. f4 Kg7 54. f5 Kf7 55. Rxh6 Rc1 56. Rh7+ Kf6 57. Rxb7 Rh1+ 58. Kg3 Kg5 59. Rg7+ Kf6 60. Rg6+ Kf7 61. Rxa6 Ra1 62. Kf4 Rb1 63. Kg5 Ke7 64. Ra7+ Kd6 65. f6 Kc5 66. f7 Rf1 67. Kg6 Kb4 68. g5 Ka4 69. Ra8 Rb1 70. f8=Q Rb3 71. Qe8+ Ka3 72. Qe7+ Ka2 73. Qe6 Kb2 74. Qxb3+ Ka1 75. a6 1/2-1/2


[Site "https://www.chess.com"]

[Event "Titled Tuesday Blitz May 23 Late 2023"]
[White "Wizard_of_Odds"]
[Black "Camilla_Lee"]
[WhiteElo "2446"]
[BlackElo "2634"]
[Result "0-1"]
[Round "11"]
[TimeControl "180+2"]
[Date "2023.05.23"]
[WhiteClock "0:00:01"]
[BlackClock "0:00:06"]

1. d4 Nf6 2. c4 g6 3. Nc3 d5 4. cxd5 Nxd5 5. Bd2 Bg7 6. e4 Nb6 7. Be3 O-O 8. h3 Nc6 9. Nf3 e5 10. dxe5 Nxe5 11. Nxe5 Bxe5 12. Qxd8 Rxd8 13. f4 Bg7 14. g4 Be6 15. f5 Bc4 16. Bxb6 Bxf1 17. Bxc7 Rd7 18. Rxf1 Rxc7 19. Rf3 b5 20. f6 Bh6 21. Nxb5 Rc2 22. Rf2 Rc4 23. Nc3 Bg5 24. Ke2 Rd8 25. Rd1 Rb8 26. Kf3 Bxf6 27. Rd3 Kg7 28. Re2 Be5 29. h4 Rb6 30. g5 Re6 31. Nd5 h6 32. b3 Rc1 33. Kg2 Bd6 34. Rf3 hxg5 35. hxg5 Bc5 36. b4 Bd4 37. Rd3 Ba1 38. Rf3 Re5 39. Ref2 Rxg5+ 40. Kh2 Be5+ 41. Nf4 Rcg1 42. Rf1 R1g4 43. Kh3 Rg1 44. Kh2 Rxf1 45. Rxf1 Rg4 46. a4 Rxf4 47. Rxf4 Bxf4+ 48. Kg2 Kf6 49. Kf3 Bd6 50. b5 Bc7 51. Kg4 Ke5 52. Kf3 f6 53. Ke3 Bb6+ 54. Kf3 g5 55. a5 Bxa5 0-1


[Site "https://www.chess.com"]

[Event "Titled Tuesday Blitz May 23 Late 2023"]
[White "Schnaider, Ilan"]
[Black "Golubev, Mikhail"]
[WhiteFideId "169013"]
[BlackFideId "14100983"]
[WhiteElo "2224"]
[BlackElo "2374"]
[Result "0-1"]
[Round "11"]
[TimeControl "180+2"]
[Date "2023.05.23"]
[WhiteClock "0:00:05"]
[BlackClock "0:00:09"]

1. e4 c5 2. Nf3 d6 3. Bb5+ Nc6 4. O-O Bd7 5. Re1 Nf6 6. c3 a6 7. Ba4 b5 8. Bc2 Bg4 9. d3 e6 10. Bf4 Be7 11. Nbd2 O-O 12. Nf1 Ne5 13. Bxe5 Bxf3 14. Qxf3 dxe5 15. Rad1 Qc7 16. Ng3 g6 17. Bb1 a5 18. d4 cxd4 19. cxd4 exd4 20. Rxd4 Qe5 21. Red1 Rfd8 22. Rxd8+ Rxd8 23. Rxd8+ Bxd8 24. Qe2 Bb6 25. Nf1 h5 26. h3 h4 27. b3 Nh5 28. Qg4 Ng3 29. Qf3 Nh5 30. Ne3 Qa1 31. Qd1 Bxe3 32. fxe3 Nf6 33. Qc2 Qe5 34. Qd3 Kg7 35. Bc2 b4 36. Qe2 Nh5 37. Qf3 Qg5 38. Bd1 Ng3 39. Kf2 Qe5 40. Bc2 Qb2 41. Qd1 Nxe4+ 42. Ke2 Nc3+ 43. Kd2 Nxd1 44. Kxd1 Qa1+ 45. Kd2 Qc3+ 46. Kd1 Qxe3 47. a3 Qd4+ 48. Kc1 bxa3 49. Be4 a2 50. Bb1 a1=Q 51. Kc2 Qac3# 0-1


[Site "https://www.chess.com"]

[Event "Titled Tuesday Blitz May 23 Late 2023"]
[White "D`Arruda, Ricardo D."]
[Black "Spitzl, Vinzent"]
[WhiteFideId "100692"]
[BlackFideId "12901253"]
[WhiteElo "2440"]
[BlackElo "2225"]
[Result "1-0"]
[Round "11"]
[TimeControl "180+2"]
[Date "2023.05.23"]
[WhiteClock "0:01:40"]
[BlackClock "0:00:06"]

1. Nf3 d5 2. d4 Nf6 3. c4 e6 4. e3 Be7 5. Nc3 O-O 6. Bd3 b6 7. O-O Bb7 8. Qe2 dxc4 9. Bxc4 Nbd7 10. e4 c5 11. d5 exd5 12. exd5 Bd6 13. Bg5 a6 14. a4 Re8 15. Qd2 Qc7 16. Rfe1 Ne5 17. Bxf6 Nxf3+ 18. gxf3 Bf4 19. Qd3 gxf6 20. Qf5 Be5 21. Bd3 Bxh2+ 22. Kh1 Re5 23. Qxh7+ Kf8 24. Qxh2 Ke7 25. Rxe5+ fxe5 26. Re1 f6 27. Qh7+ Kd8 28. Qxc7+ Kxc7 29. Rg1 Rh8+ 30. Kg2 Kd6 31. Kf1 Bxd5 32. Nxd5 Kxd5 33. Bxa6 c4 34. Rg4 Rh1+ 35. Kg2 Rb1 36. Bxc4+ Kd6 37. b3 Rc1 38. Rg6 Ke7 39. Rg7+ Kd6 40. Rf7 1-0


[Site "https://www.chess.com"]

[Event "Titled Tuesday Blitz May 23 Late 2023"]
[White "Dudzinski, Pawel"]
[Black "Tomiello, Mateus Costamilan"]
[WhiteFideId "1117890"]
[BlackFideId "22701958"]
[WhiteElo "2099"]
[BlackElo "1990"]
[Result "0-1"]
[Round "11"]
[TimeControl "180+2"]
[Date "2023.05.23"]
[WhiteClock "0:00:00"]
[BlackClock "0:01:18"]

1. e4 e5 2. Nf3 Nc6 3. d4 exd4 4. Nxd4 Nf6 5. Nxc6 bxc6 6. e5 Qe7 7. Qe2 Nd5 8. c4 Ba6 9. b3 g6 10. f4 Bg7 11. Qf2 Nb6 12. Bb2 O-O 13. Be2 d6 14. exd6 cxd6 15. Bxg7 Kxg7 16. O-O d5 17. Nd2 Rae8 18. Rfe1 Qe3 19. Bf1 Qxf2+ 20. Kxf2 c5 21. cxd5 Bxf1 22. Rxe8 Rxe8 23. Rxf1 Nxd5 24. g3 Nb4 25. a3 Nc6 26. Rc1 Nd4 27. Re1 Rxe1 28. Kxe1 Kf6 29. Ne4+ Ke6 30. Nxc5+ Kd5 31. b4 Nc2+ 32. Kd2 Nxa3 33. Kd3 a5 34. Na6 axb4 35. Nxb4+ Ke6 36. Ke4 Nc4 37. Nd3 Nd2+ 38. Ke3 Nf1+ 39. Ke4 Nxh2 40. Nc5+ Kd6 41. Nb7+ Ke7 42. Nc5 Nf1 43. g4 Ng3+ 44. Ke5 f6+ 45. Kd4 h5 46. gxh5 gxh5 47. Ke3 Kd6 48. Nb7+ Kd5 49. Kf3 Nf5 50. Nd8 Nd6 51. Kg3 Nf5+ 52. Kf3 h4 53. Kg4 Ke4 0-1


[Site "https://www.chess.com"]

[Event "Titled Tuesday Blitz May 23 Late 2023"]
[White "Perez Rodriguez, Jennifer"]
[Black "Eugene, Floryan"]
[WhiteFideId "3507831"]
[BlackFideId "20694784"]
[WhiteElo "2116"]
[BlackElo "2369"]
[Result "0-1"]
[Round "11"]
[TimeControl "180+2"]
[Date "2023.05.23"]
[WhiteClock "0:00:46"]
[BlackClock "0:01:24"]

1. e4 c5 2. c3 d5 3. exd5 Qxd5 4. d4 Nc6 5. Nf3 Bg4 6. dxc5 Qxd1+ 7. Kxd1 e6 8. b4 a5 9. Bb5 Ne7 10. Bf4 axb4 11. cxb4 O-O-O+ 12. Kc2 Bxf3 13. gxf3 Nd4+ 14. Kc3 Nxb5+ 15. Kb2 Nd5 16. Bd2 Nb6 17. a4 Nc4+ 18. Kc2 Nd4+ 19. Kc3 Ne5 20. Be3 Ndxf3 21. Na3 Be7 22. Nb5 Rd3+ 23. Kc2 Rhd8 24. a5 Nc4 25. Bf4 e5 26. a6 bxa6 27. Rxa6 exf4 28. Ra8+ Kb7 29. Ra7+ Kc6 30. Nc3 Rxc3+ 31. Kxc3 Bf6+ 32. Kxc4 Nd2# 0-1


[Site "https://www.chess.com"]

[Event "Titled Tuesday Blitz May 23 Late 2023"]
[White "Pires, Marcos Vinicius Torsani"]
[Black "Safin, Robert"]
[WhiteFideId "2118939"]
[BlackFideId "34189120"]
[WhiteElo "2273"]
[BlackElo "2295"]
[Result "0-1"]
[Round "11"]
[TimeControl "180+2"]
[Date "2023.05.23"]
[WhiteClock "0:00:04"]
[BlackClock "0:00:54"]

1. e4 c6 2. c4 d5 3. exd5 cxd5 4. cxd5 Nf6 5. Nc3 Nxd5 6. Bc4 e6 7. Nf3 Be7 8. O-O O-O 9. d4 Nxc3 10. bxc3 Nd7 11. Bd3 Qc7 12. Qc2 h6 13. c4 b6 14. Qe2 Bb7 15. a4 Rfd8 16. d5 Nc5 17. Bb1 Bf6 18. Ra3 exd5 19. cxd5 Rxd5 20. Qc2 g6 21. h3 h5 22. Re1 Rad8 23. Bb2 Bxb2 24. Qxb2 Qf4 25. Rae3 Rd1 26. Rxd1 Rxd1+ 27. Ne1 Rd8 28. a5 bxa5 29. Qb5 Qb4 30. Re8+ Rxe8 31. Qxe8+ Kg7 32. Qe5+ Kh7 33. Bc2 Be4 34. Kf1 Qc4+ 35. Kg1 Bxc2 0-1


[Site "https://www.chess.com"]

[Event "Titled Tuesday Blitz May 23 Late 2023"]
[White "Reprintsev, Alexander"]
[Black "Kirillov, Dmitry"]
[WhiteFideId "14100541"]
[BlackFideId "34180572"]
[WhiteElo "2218"]
[BlackElo "2161"]
[Result "0-1"]
[Round "11"]
[TimeControl "180+2"]
[Date "2023.05.23"]
[WhiteClock "0:00:00"]
[BlackClock "0:00:03"]

1. e4 c6 2. Nc3 d5 3. Nf3 dxe4 4. Nxe4 Nf6 5. Qe2 Nxe4 6. Qxe4 Qd5 7. Qf4 Qf5 8. Qe3 Qxc2 9. Bd3 Qa4 10. O-O f6 11. Re1 Qa5 12. b4 Qc7 13. Bb2 Bg4 14. Nh4 Nd7 15. h3 Bh5 16. Bf5 Bf7 17. b5 Nb6 18. bxc6 bxc6 19. Rac1 Nc4 20. Qd4 e5 21. Rxc4 Rd8 22. Qc3 Bxc4 23. Qxc4 Rxd2 24. Ng6 hxg6 25. Bxg6+ Kd8 26. Bc3 Rd5 27. Rb1 Rc5 28. Qd3+ Bd6 29. Bb4 Rd5 30. Qa6 Ke7 31. a3 Rd8 32. Kh2 Bxb4 33. axb4 R8d7 34. g3 Qd6 35. Bf5 Rd2 36. Bxd7 Rxf2+ 37. Kg1 Qd4 0-1


[Site "https://www.chess.com"]

[Event "Titled Tuesday Blitz May 23 Late 2023"]
[White "Prydun, Andriy"]
[Black "Toncheva, Nadya"]
[WhiteFideId "14145898"]
[BlackFideId "2924056"]
[WhiteElo "2164"]
[BlackElo "2101"]
[Result "0-1"]
[Round "11"]
[TimeControl "180+2"]
[Date "2023.05.23"]
[WhiteClock "0:00:00"]
[BlackClock "0:00:05"]

1. d4 d5 2. Nf3 Nf6 3. Ne5 Nbd7 4. Nd3 e6 5. Be3 Bd6 6. Nd2 O-O 7. Nb3 c6 8. g3 e5 9. Bg2 e4 10. Nf4 Nb6 11. Bf1 Qe7 12. h3 Nc4 13. Qc1 a5 14. a4 Bxf4 15. Bxf4 e3 16. Bxe3 Re8 17. Bg5 Qb4+ 18. Bd2 Qd6 19. Bf4 Qb4+ 20. Bd2 Qe7 21. Bg5 h6 22. Bxf6 Qxf6 23. Qf4 Bf5 24. g4 Bxc2 25. Qxf6 gxf6 26. Nd2 Nxb2 27. Bg2 Nxa4 28. O-O b5 29. e4 dxe4 30. Rfc1 Bd3 31. Rxc6 Kg7 32. Nf1 Re6 33. Rc7 Nb6 34. Ne3 a4 35. Nf5+ Kg6 36. Nh4+ Kg5 37. Nf5 a3 38. Rc5 Kg6 39. Nh4+ Kh7 40. Nf5 a2 41. Rc7 Kg6 42. Nh4+ Kg5 43. Nf5 b4 44. Rxf7 Kf4 45. Kh2 b3 46. Ne3 b2 47. Rg1 b1=Q 0-1


[Site "https://www.chess.com"]

[Event "Titled Tuesday Blitz May 23 Late 2023"]
[White "Haszon, David"]
[Black "Arencibia Monduy, Antonio"]
[WhiteFideId "733610"]
[BlackFideId "3507939"]
[WhiteElo "2210"]
[BlackElo "2415"]
[Result "1-0"]
[Round "11"]
[TimeControl "180+2"]
[Date "2023.05.23"]
[WhiteClock "0:01:27"]
[BlackClock "0:00:00"]

1. e4 c5 2. Nf3 d6 3. d4 cxd4 4. Nxd4 Nf6 5. f3 a6 6. c4 Qc7 7. Nc3 Nc6 8. Be3 e6 9. Rc1 Nxd4 10. Bxd4 Be7 11. Be2 O-O 12. O-O Bd7 13. Qd2 Rac8 14. Rfd1 Rfd8 15. Bxf6 gxf6 16. Qh6 Kh8 17. Kh1 Rg8 18. Bd3 Rg6 19. Qh5 Rcg8 20. Rc2 R8g7 21. Qh4 Qa5 22. e5 Qxe5 23. Bxg6 Rxg6 24. Re2 Qa5 25. Nd5 Bd8 26. Nf4 Rg8 27. Rxd6 Bc6 28. Red2 Be7 29. Nh5 Rg5 30. c5 Bxd6 31. Rxd6 1-0


[Site "https://www.chess.com"]

[Event "Titled Tuesday Blitz May 23 Late 2023"]
[White "Moral Garcia, Serafin"]
[Black "Celestino, Rafael Teixeira"]
[WhiteFideId "2201925"]
[BlackFideId "2108925"]
[WhiteElo "2274"]
[BlackElo "2370"]
[Result "1-0"]
[Round "11"]
[TimeControl "180+2"]
[Date "2023.05.23"]
[WhiteClock "0:01:00"]
[BlackClock "0:00:07"]

1. e4 e5 2. Nf3 Nc6 3. Bb5 a6 4. Bxc6 dxc6 5. O-O Bg4 6. h3 Bxf3 7. Qxf3 Nf6 8. d3 h6 9. Qg3 Bd6 10. Qxg7 Rg8 11. Qxh6 Rg6 12. Qe3 Qe7 13. Nd2 O-O-O 14. Nf3 Rdg8 15. Nh4 Rg5 16. Qxg5 Rxg5 17. Bxg5 Qe6 18. Bxf6 Qxf6 19. Nf5 Bc5 20. c3 Qg5 21. Rad1 Qf4 22. Rde1 Qd2 23. h4 Qxd3 24. h5 Qd2 25. Rd1 Qg5 26. h6 a5 27. Rd3 Qg6 28. Rfd1 b5 29. Rg3 Qh5 30. Rdd3 Qe2 31. Rdf3 Qe1+ 32. Kh2 Bxf2 33. Rxf2 Qxf2 34. h7 Qxb2 35. h8=Q+ Kb7 36. Qxe5 Qxa2 37. Ne7 Qc4 38. Rf3 a4 39. Rf6 Qxc3 40. Qxc3 1-0


[Site "https://www.chess.com"]

[Event "Titled Tuesday Blitz May 23 Late 2023"]
[White "rikchessmx"]
[Black "Balla, Tamas-Kristof"]
[BlackFideId "1208497"]
[WhiteElo "2318"]
[BlackElo "2334"]
[Result "1-0"]
[Round "11"]
[TimeControl "180+2"]
[Date "2023.05.23"]
[WhiteClock "0:01:39"]
[BlackClock "0:00:13"]

1. e4 d5 2. exd5 Qxd5 3. Nc3 Qa5 4. Bc4 Nf6 5. d3 c5 6. h3 Nc6 7. Bd2 Qd8 8. f4 e6 9. Nf3 a6 10. Qe2 b5 11. Bb3 Bd6 12. O-O-O O-O 13. g4 Qc7 14. g5 Nh5 15. Rhg1 Nxf4 16. Qf1 Ng6 17. h4 Bf4 18. h5 Bxd2+ 19. Rxd2 Nge7 20. Ne4 Na5 21. Nf6+ Kh8 22. Ng4 Nxb3+ 23. axb3 Qf4 24. Kb1 Bb7 25. Rf2 Nf5 26. g6 fxg6 27. hxg6 Ne3 28. Qh3 h6 29. Nfe5 Nxg4 30. Rxf4 Rxf4 31. Rxg4 Rf1+ 32. Qxf1 1-0


[Site "https://www.chess.com"]

[Event "Titled Tuesday Blitz May 23 Late 2023"]
[White "Szpar, Milosz"]
[Black "Alahakoon, Isuru"]
[WhiteFideId "1184989"]
[BlackFideId "9900993"]
[WhiteElo "2434"]
[BlackElo "1953"]
[Result "1-0"]
[Round "11"]
[TimeControl "180+2"]
[Date "2023.05.23"]
[WhiteClock "0:01:33"]
[BlackClock "0:00:00"]

1. e4 d5 2. exd5 Nf6 3. c4 c6 4. d4 cxd5 5. Nc3 Nc6 6. cxd5 Nxd5 7. Nf3 e6 8. Bd3 Be7 9. O-O O-O 10. Qe2 Nf6 11. Rd1 b6 12. Bf4 Bb7 13. Rac1 Bd6 14. Ne5 Nxd4 15. Qe3 Bxe5 16. Bxe5 Ng4 17. Qh3 f5 18. Bxf5 exf5 19. Rxd4 Qe7 20. Bd6 Qf6 21. Rcd1 Rfe8 22. Qd3 Rad8 23. h3 Nh6 24. Qc4+ Qf7 25. Qxf7+ Nxf7 26. Ba3 Rxd4 27. Rxd4 Rd8 28. Rxd8+ Nxd8 29. Nb5 a6 30. Nd6 Be4 31. b3 Bb1 32. Bb2 Bxa2 33. b4 Be6 34. Bc3 b5 35. f3 Nc6 36. Kf2 g6 37. Ke3 Kf8 38. Nb7 Ne7 39. Nc5 Nd5+ 40. Kd4 Nxc3 41. Kxc3 Bc8 42. Kd4 Ke7 43. Ke5 h6 44. f4 Kf7 45. h4 Ke7 46. g3 Bd7 47. Nxa6 Bc6 48. Nc5 Bg2 49. h5 gxh5 50. Nb3 Bf1 51. Nd4 Kf7 52. Nxf5 Kg6 53. Nd6 h4 54. gxh4 Kh5 55. f5 Bd3 56. f6 Kg6 57. f7 Kg7 58. Ke6 Bc2 59. Ke7 1-0


[Site "https://www.chess.com"]

[Event "Titled Tuesday Blitz May 23 Late 2023"]
[White "KorolDimitriy75"]
[Black "gueraumasague"]
[WhiteElo "2400"]
[BlackElo "2541"]
[Result "0-1"]
[Round "11"]
[TimeControl "180+2"]
[Date "2023.05.23"]
[WhiteClock "0:00:00"]
[BlackClock "0:00:19"]

1. d4 g6 2. c4 Bg7 3. Nf3 Nc6 4. Nc3 d6 5. e4 Bg4 6. Be3 e5 7. d5 Nd4 8. Be2 Nxe2 9. Qxe2 Nf6 10. O-O O-O 11. h3 Bd7 12. Ne1 Nh5 13. Nd3 Qe8 14. Rfc1 f5 15. f3 c5 16. b4 b6 17. bxc5 bxc5 18. Rab1 f4 19. Bf2 Rf7 20. Rb7 Bc8 21. Rxf7 Qxf7 22. Rb1 Bf8 23. Qc2 Qd7 24. Qa4 Qxa4 25. Nxa4 Ba6 26. Ndb2 Ng3 27. Bxg3 fxg3 28. Kf1 Rb8 29. Rc1 Bh6 30. Rc3 Rb4 31. Ke2 Kf7 32. Kd3 Ke7 33. Rb3 Bc1 34. Kc2 Rxb3 35. axb3 Be3 36. Nd3 Bc8 37. Nc3 Bd7 38. Ne2 a5 39. Nxg3 a4 40. bxa4 Bxa4+ 41. Kc3 h5 42. Ne2 Bd1 43. Ndc1 Kf6 44. Kd3 Bh6 45. Na2 Ba4 46. Nac3 Bd7 47. Nb5 Ke7 48. Nec3 Bf8 49. Na7 Kf6 50. Ne2 Kg5 0-1


[Site "https://www.chess.com"]

[Event "Titled Tuesday Blitz May 23 Late 2023"]
[White "Figorito, Nick"]
[Black "Guerra Tulcan, Lenin"]
[WhiteFideId "30923689"]
[BlackFideId "3601382"]
[WhiteElo "2377"]
[BlackElo "2368"]
[Result "0-1"]
[Round "11"]
[TimeControl "180+2"]
[Date "2023.05.23"]
[WhiteClock "0:00:25"]
[BlackClock "0:00:28"]

1. Nf3 c5 2. g3 e6 3. Bg2 b6 4. O-O Bb7 5. c4 Nf6 6. Nc3 Be7 7. b3 O-O 8. Bb2 a6 9. d4 cxd4 10. Qxd4 d6 11. Rfd1 Nbd7 12. Rac1 Qc7 13. Nb1 Rac8 14. h3 Qb8 15. Nbd2 Rfe8 16. Nf1 e5 17. Qd2 b5 18. Ne3 bxc4 19. Nxc4 Ne4 20. Qe1 Bf8 21. Nfd2 Nxd2 22. Rxd2 Bxg2 23. Kxg2 d5 24. Rxd5 Qb7 25. e4 Nf6 26. Na5 Rxc1 27. Qxc1 Qa8 28. Rxe5 Rxe5 29. Bxe5 Qxe4+ 30. Kh2 Qxe5 31. Nc4 Qe2 32. Qd2 Qxd2 33. Nxd2 Bc5 34. Kg2 Kf8 35. f3 Ke7 36. g4 Nd5 37. Kf1 Nf4 38. h4 Nd3 39. a4 Nc1 40. Kg2 Bb4 41. Ne4 Nxb3 42. Kf2 Nc5 43. Ng5 Nxa4 44. Ke2 Nc3+ 45. Kd3 Nb5 46. Kc4 Be1 47. h5 h6 48. Ne4 Nd6+ 49. Nxd6 Kxd6 50. Kb3 Ke5 51. Kc2 Kf4 52. Kd1 Kxf3 53. Kxe1 Kxg4 54. Kf2 Kxh5 55. Kg3 g5 56. Kh3 f5 57. Kg3 f4+ 58. Kh3 a5 59. Kg2 a4 60. Kh3 a3 61. Kg2 a2 62. Kh3 a1=Q 63. Kh2 f3 64. Kg3 Qf1 65. Kh2 Qg2# 0-1


[Site "https://www.chess.com"]